AoeStats
← xxzonabatexx

Arabia

503069167Analyzed
1v1 RM · 2mo ago on Aug 30, 2026· 36m 40s· 2 players
Game mode
Random Map
Map size
Tiny (2 player)
Population
200
Speed
Normal
Resources
Standard
Victory
Conquest
Starting age
Dark Age
Ending age
Imperial Age
RankedLock teamsTeams togetherTeam positionsShared explorationLock speedFull tech treeHidden civsTurbo modeCheats
Victory
Defeat
🇵🇪 Byzantines · Peru
852
+17
vs
🇩🇪 Vietnamese · Germany
873
-17
xxzonabatexx
4:22 Loom
11:33 Feudal Age
11:41 Man-at-Arms
14:18 Double-Bit Axe
18:57 Gold Mining
20:07 Horse Collar
21:34 Padded Archer Armor
23:45 Wheelbarrow
23:34 Fletching
28:28 Castle Age
29:30 Leather Archer Armor
28:43 Crossbowman
32:21 Bodkin Arrow
Chemiker5
9:10 Loom
11:34 Feudal Age
15:46 Fletching
16:23 Town Watch
22:37 Wheelbarrow
22:36 Padded Archer Armor
25:37 Castle Age
23:55 Double-Bit Axe
25:38 Crossbowman
26:31 Bodkin Arrow
29:48 Town Patrol
30:47 Leather Archer Armor
33:30 Thumb Ring
33:47 Hand Cart
Connection lost

Rejoining the realm…

Still unreachable

The connection could not be restored.

Session expired

The server has moved on; the page needs a fresh start.